Workbook
Name a_15528: Sheet1!#REF!
Name a_15529: Sheet1!#REF!
Name a_15544: Sheet1!#REF!
Name a_15571: Sheet1!#REF!
Name a_15600: Sheet1!#REF!
Name a_15626: Sheet1!#REF!
Name a_15640: Sheet1!#REF!
Name a_15655: Sheet1!#REF!
Name a_15675: Sheet1!#REF!
Name a_15694: Sheet1!#REF!
Name Машини_за_обработване_на_данни: Sheet1!#REF!
Name Машини_за_обработване_на_данни__изберете_от_падащото_меню: Sheet1!#REF!
Name Хардуер: Sheet1!#REF!

Sheet Acerno_Cache_XXXXX

Sheet Sheet1
B1: ПРИЛОЖЕНИЕ № 1 КЪМ ПРАВИЛАТА ЗА ПРЕДВАРИТЕЛНО СЪГЛАСУВАНЕ НА РАЗХОДИТЕ НА АДМИНИСТРАТИВНИТЕ ОРГАНИ В ОБЛАСТТА НА ЕЛЕКТРОННОТО УПРАВЛЕНИЕ И ЗА ИЗПОЛЗВАНИТЕ ОТ ТЯХ ИНФОРМАЦИОННИ И КОМУНИКАЦИОННИ ТЕХНОЛОГИИ В РАМКИТЕ НА БЮДЖЕТНИЯ ПРОЦЕС
B3: Проектобюджет за следващата година и тригодишна прогноза за средствата, необходими за финансиране на дейностите в областта на електронното управление и ИКТ
B4: на Агенция по заетостта Административен орган (АО)
E6: 2018 г. - Проектобюджет | I6: 2019 г. - Прогнози | M6: 2020 г. - Прогнози
B7: ВИДОВЕ РАЗХОДИ (в лева) | C7: Код ЕБК | D7: Код CPV | E7: Общо разходи | F7: Дейности, финанси-рани в рамките на бюджета на АО | G7: Дейности, финанси-рани по ЕСИФ | H7: Дейности, финанси-рани от др. източници | I7: Общо разходи | J7: Дейности, финанси-рани в рамките на бюджета на АО | K7: Дейности, финанси-рани по ЕСИФ | L7: Дейности, финанси-рани от др. източници | M7: Общо разходи | N7: Дейности, финанси-рани в рамките на бюджета на АО | O7: Дейности, финанси-рани по ЕСИФ | P7: Дейности, финанси-рани от др. източници
E8: 1 | F8: 1.1 | G8: 1.2 | H8: 1.3 | I8: 2 | J8: 2.1 | K8: 2.2 | L8: 2.3 | M8: 3 | N8: 3.1 | O8: 3.2 | P8: 3.3
B9: I. ПРИДОБИВАНЕ НА КОМПЮТРИ И ХАРДУЕР
A10: 1. | B10: Компютърни и офис машини, оборудване и принадлежности, с изключение на мебели и софтуерни пакети | D10: 30000000
B11: Машини за обработване на данни | D11: 30210000
B12: Изберете от тук (падащо меню) | C12: Изберете от тук | E12: =SUM(F12,G12,H12) -> 0 | I12: =SUM(J12,K12,L12) -> 0 | M12: =SUM(N12,O12,P12) -> 0
B13: Оборудване на цифрова картография | D13: 30220000
B14: Изберете от тук (падащо меню) | C14: Изберете от тук | E14: =SUM(F14,G14,H14) -> 0 | I14: =SUM(J14,K14,L14) -> 0 | M14: =SUM(N14,O14,P14) -> 0
B15: Компютърно оборудване | D15: 30230000
B16: Изберете от тук (падащо меню) | C16: 52-01 | E16: 50000 | F16: 50000 | I16: =SUM(J16,K16,L16) -> 50000 | J16: 50000 | M16: =SUM(N16,O16,P16) -> 50000 | N16: 50000
B17: II. ПРИДОБИВАНЕ НА ПРОГРАМНИ ПРОДУКТИ И ЛИЦЕНЗИ ЗА ПРОГРАМНИ ПРОДУКТИ
A18: 2. | B18: Софтуерни пакети и информационни системи | D18: 48000000
A19: 2.1. | B19: Софтуерни пакети за индустрията:
B20: Софтуерни пакети за търговски обекти (POS) | C20: Изберете от тук | D20: 48110000-2 | E20: =SUM(F20,G20,H20) -> 0 | I20: =SUM(J20,K20,L20) -> 0 | M20: =SUM(N20,O20,P20) -> 0
B21: Софтуерни пакети за управление на полети | D21: 48120000-5
B22: Изберете от тук (падащо меню) | C22: Изберете от тук | E22: =SUM(F22,G22,H22) -> 0 | I22: =SUM(J22,K22,L22) -> 0 | M22: =SUM(N22,O22,P22) -> 0
B23: Софтуерни пакети за наземна поддръжка и с тестове за авиацията | D23: 48130000-8
B24: Изберете от тук (падащо меню) | C24: Изберете от тук | E24: =SUM(F24,G24,H24) -> 0 | I24: =SUM(J24,K24,L24) -> 0 | M24: =SUM(N24,O24,P24) -> 0
B25: Софтуерни пакети за контрол на железопътния трафик | C25: Изберете от тук | D25: 48140000-1 | E25: =SUM(F25,G25,H25) -> 0 | I25: =SUM(J25,K25,L25) -> 0 | M25: =SUM(N25,O25,P25) -> 0
B26: Софтуерни пакети за управление на технологични процеси | D26: 48150000-4
B27: Изберете от тук (падащо меню) | C27: Изберете от тук | E27: =SUM(F27,G27,H27) -> 0 | I27: =SUM(J27,K27,L27) -> 0 | M27: =SUM(N27,O27,P27) -> 0
B28: Софтуерни пакети за библиотеки | D28: 48160000-7
B29: Изберете от тук (падащо меню) | C29: Изберете от тук | E29: =SUM(F29,G29,H29) -> 0 | I29: =SUM(J29,K29,L29) -> 0 | M29: =SUM(N29,O29,P29) -> 0
B30: Софтуерни пакети за съответствие | C30: Изберете от тук | D30: 48170000-0 | E30: =SUM(F30,G30,H30) -> 0 | I30: =SUM(J30,K30,L30) -> 0 | M30: =SUM(N30,O30,P30) -> 0
B31: Медицински софтуерни пакети | C31: Изберете от тук | D31: 48180000-3 | E31: =SUM(F31,G31,H31) -> 0 | I31: =SUM(J31,K31,L31) -> 0 | M31: =SUM(N31,O31,P31) -> 0
B32: Образователни софтуерни пакети | C32: Изберете от тук | D32: 48190000-6 | E32: =SUM(F32,G32,H32) -> 0 | I32: =SUM(J32,K32,L32) -> 0 | M32: =SUM(N32,O32,P32) -> 0
A33: 2.2. | B33: Софтуерни пакети за работа в мрежи интернет и интранет:
B34: Софтуерни пакети за работа в мрежа | D34: 48210000-3
B35: Изберете от тук (падащо меню) | C35: Изберете от тук | E35: =SUM(F35,G35,H35) -> 0 | I35: =SUM(J35,K35,L35) -> 0 | M35: =SUM(N35,O35,P35) -> 0
B36: Софтуерни пакети за интернет и интранет | D36: 48220000-6
B37: Изберете от тук (падащо меню) | C37: Изберете от тук | E37: =SUM(F37,G37,H37) -> 0 | I37: =SUM(J37,K37,L37) -> 0 | M37: =SUM(N37,O37,P37) -> 0
A38: 2.3. | B38: Софтуерни пакети за създаване на документи, чертане, обработка на изображения, планиране и повишаване на ефективността:
B39: Софтуерни пакети за създаване на документи | D39: 48310000-4
B40: Изберете от тук (падащо меню) | C40: Изберете от тук | E40: =SUM(F40,G40,H40) -> 0 | I40: =SUM(J40,K40,L40) -> 0 | M40: =SUM(N40,O40,P40) -> 0
B41: Софтуерни пакети за чертане и обработка на изображения | D41: 48320000-7
B42: Изберете от тук (падащо меню) | C42: Изберете от тук | E42: =SUM(F42,G42,H42) -> 0 | I42: =SUM(J42,K42,L42) -> 0 | M42: =SUM(N42,O42,P42) -> 0
B43: Софтуерни пакети за планиране и повишаване на ефективността | D43: 48330000-0
B44: Изберете от тук (падащо меню) | C44: Изберете от тук | E44: =SUM(F44,G44,H44) -> 0 | I44: =SUM(J44,K44,L44) -> 0 | M44: =SUM(N44,O44,P44) -> 0
A45: 2.4. | B45: Софтуерни пакети за търговски и персонални транзакции:
B46: Софтуерни пакети за управление на инвестициите и изготвяне на данъчни декларации | D46: 48410000-5
B47: Изберете от тук (падащо меню) | C47: Изберете от тук | E47: =SUM(F47,G47,H47) -> 0 | I47: =SUM(J47,K47,L47) -> 0 | M47: =SUM(N47,O47,P47) -> 0
B48: Софтуерни пакети за управление на съоръжения и комплекти от софтуерни пакети | D48: 48420000-8
B49: Изберете от тук (падащо меню) | C49: Изберете от тук | E49: =SUM(F49,G49,H49) -> 0 | I49: =SUM(J49,K49,L49) -> 0 | M49: =SUM(N49,O49,P49) -> 0
B50: Комплекти от софтуерни пакети | C50: Изберете от тук | D50: 48422000-2 | E50: =SUM(F50,G50,H50) -> 0 | I50: =SUM(J50,K50,L50) -> 0 | M50: =SUM(N50,O50,P50) -> 0
B51: Софтуерни пакети за управление на инвентар | C51: Изберете от тук | D51: 48430000-1 | E51: =SUM(F51,G51,H51) -> 0 | I51: =SUM(J51,K51,L51) -> 0 | M51: =SUM(N51,O51,P51) -> 0
B52: Софтуерни пакети за финансови анализи и счетоводство | D52: 48440000-4
B53: Изберете от тук (падащо меню) | C53: Изберете от тук | E53: =SUM(F53,G53,H53) -> 0 | I53: =SUM(J53,K53,L53) -> 0 | M53: =SUM(N53,O53,P53) -> 0
B54: Софтуерни пакети за управление на работното време и човешките ресурси | D54: 48450000-7
B55: Изберете от тук (падащо меню) | C55: Изберете от тук | E55: =SUM(F55,G55,H55) -> 0 | I55: =SUM(J55,K55,L55) -> 0 | M55: =SUM(N55,O55,P55) -> 0
B56: Аналитични, научноизследователски, математически софтуерни пакети или софтуерни пакети за прогнозиране | D56: 48460000-0
B57: Изберете от тук (падащо меню) | C57: Изберете от тук | E57: =SUM(F57,G57,H57) -> 0 | I57: =SUM(J57,K57,L57) -> 0 | M57: =SUM(N57,O57,P57) -> 0
B58: Софтуерни пакети за търгове | C58: Изберете от тук | D58: 48470000-3 | E58: =SUM(F58,G58,H58) -> 0 | I58: =SUM(J58,K58,L58) -> 0 | M58: =SUM(N58,O58,P58) -> 0
B59: Софтуерни пакети за продажби, маркетинг и икономическо разузнаване (BI) | D59: 48480000-6
B60: Изберете от тук (падащо меню) | C60: Изберете от тук | E60: =SUM(F60,G60,H60) -> 0 | I60: =SUM(J60,K60,L60) -> 0 | M60: =SUM(N60,O60,P60) -> 0
B61: Софтуерни пакети за доставки | C61: Изберете от тук | D61: 48490000-9 | E61: =SUM(F61,G61,H61) -> 0 | I61: =SUM(J61,K61,L61) -> 0 | M61: =SUM(N61,O61,P61) -> 0
B62: Софтуерни пакети за комуникация и мултимедия | C62: Изберете от тук | D62: 48500000-3 | E62: =SUM(F62,G62,H62) -> 0 | I62: =SUM(J62,K62,L62) -> 0 | M62: =SUM(N62,O62,P62) -> 0
B63: Софтуерни пакети за комуникация | D63: 48510000-6
B64: Изберете от тук (падащо меню) | C64: Изберете от тук | E64: =SUM(F64,G64,H64) -> 0 | I64: =SUM(J64,K64,L64) -> 0 | M64: =SUM(N64,O64,P64) -> 0
B65: Мултимедийни софтуерни пакети | D65: 48520000-9
B66: Изберете от тук (падащо меню) | C66: Изберете от тук | E66: =SUM(F66,G66,H66) -> 0 | I66: =SUM(J66,K66,L66) -> 0 | M66: =SUM(N66,O66,P66) -> 0
A67: 2.5. | B67: Софтуерни пакети за бази данни и операционни софтуерни пакети:
B68: Системи от бази данни | D68: 48610000-7
B69: Изберете от тук (падащо меню) | C69: 10-00 | E69: =SUM(F69,G69,H69) -> 50000 | F69: 50000 | I69: =SUM(J69,K69,L69) -> 50000 | J69: 50000 | M69: =SUM(N69,O69,P69) -> 50000 | N69: 50000
B70: Операционни системи | D70: 48620000-0
B71: Изберете от тук (падащо меню) | C71: Изберете от тук | E71: =SUM(F71,G71,H71) -> 0 | I71: =SUM(J71,K71,L71) -> 0 | M71: =SUM(N71,O71,P71) -> 0
A72: 2.6. | B72: Софтуерни пакети за обслужващи цели:
B73: Софтуерни пакети за създаване на резервни копия или за възстановяване на данни | C73: Изберете от тук | D73: 48710000-8 | E73: =SUM(F73,G73,H73) -> 0 | I73: =SUM(J73,K73,L73) -> 0 | M73: =SUM(N73,O73,P73) -> 0
B74: Софтуерни пакети за кодиране с баркод | C74: Изберете от тук | D74: 48720000-1 | E74: =SUM(F74,G74,H74) -> 0 | I74: =SUM(J74,K74,L74) -> 0 | M74: =SUM(N74,O74,P74) -> 0
B75: Софтуерни пакети за защита | D75: 48730000-4
B76: Изберете от тук (падащо меню) | C76: Изберете от тук | E76: =SUM(F76,G76,H76) -> 0 | I76: =SUM(J76,K76,L76) -> 0 | M76: =SUM(N76,O76,P76) -> 0
B77: Софтуерни пакети за превод от чужди езици | C77: Изберете от тук | D77: 48740000-7 | E77: =SUM(F77,G77,H77) -> 0 | I77: =SUM(J77,K77,L77) -> 0 | M77: =SUM(N77,O77,P77) -> 0
B78: Софтуерни пакети за зареждане на запаметяващи носители | C78: Изберете от тук | D78: 48750000-0 | E78: =SUM(F78,G78,H78) -> 0 | I78: =SUM(J78,K78,L78) -> 0 | M78: =SUM(N78,O78,P78) -> 0
B79: Софтуерни пакети за защита от вируси | C79: Изберете от тук | D79: 48760000-3 | E79: =SUM(F79,G79,H79) -> 0 | I79: =SUM(J79,K79,L79) -> 0 | M79: =SUM(N79,O79,P79) -> 0
B80: Обслужващи софтуерни пакети с общо предназначение, за компресиране на файлове и за отпечатване | D80: 48770000-6
B81: Изберете от тук (падащо меню) | C81: Изберете от тук | E81: =SUM(F81,G81,H81) -> 0 | I81: =SUM(J81,K81,L81) -> 0 | M81: =SUM(N81,O81,P81) -> 0
B82: Софтуерни пакети за администриране на системи, управление на записа на данни и управление на съдържание | D82: 48780000-9
B83: Изберете от тук (падащо меню) | C83: Изберете от тук | E83: =SUM(F83,G83,H83) -> 0 | I83: =SUM(J83,K83,L83) -> 0 | M83: =SUM(N83,O83,P83) -> 0
B84: Софтуерни пакети за проверка на версиите | C84: Изберете от тук | D84: 48790000-2 | E84: =SUM(F84,G84,H84) -> 0 | I84: =SUM(J84,K84,L84) -> 0 | M84: =SUM(N84,O84,P84) -> 0
A85: 2.7. | B85: Информационни системи и сървъри:
B86: Информационни системи | D86: 48810000-9
B87: Изберете от тук (падащо меню) | C87: Изберете от тук | E87: =SUM(F87,G87,H87) -> 0 | I87: =SUM(J87,K87,L87) -> 0 | M87: =SUM(N87,O87,P87) -> 0
B88: Сървъри | D88: 48820000-2
B89: Изберете от тук (падащо меню) | C89: Изберете от тук | E89: =SUM(F89,G89,H89) -> 0 | I89: =SUM(J89,K89,L89) -> 0 | M89: =SUM(N89,O89,P89) -> 0
A90: 2.8. | B90: Други софтуерни пакети и операционни системи:
B91: Софтуерни пакети за автоматизация в офиса | D91: 48920000-3
B92: Изберете от тук (падащо меню) | C92: Изберете от тук | E92: =SUM(F92,G92,H92) -> 0 | I92: =SUM(J92,K92,L92) -> 0 | M92: =SUM(N92,O92,P92) -> 0
B93: Софтуерни пакети за обучение и развлечение | D93: 48930000-6
B94: Изберете от тук (падащо меню) | C94: Изберете от тук | E94: =SUM(F94,G94,H94) -> 0 | I94: =SUM(J94,K94,L94) -> 0 | M94: =SUM(N94,O94,P94) -> 0
B95: Софтуерни пакети за проектиране на шаблони и изготвяне на календари | D95: 48940000-9
B96: Изберете от тук (падащо меню) | C96: Изберете от тук | E96: =SUM(F96,G96,H96) -> 0 | I96: =SUM(J96,K96,L96) -> 0 | M96: =SUM(N96,O96,P96) -> 0
B97: Системи за определяне местоположението на кораби и за съобщения по високоговорителни системи | D97: 48950000-2
B98: Изберете от тук (падащо меню) | C98: Изберете от тук | E98: =SUM(F98,G98,H98) -> 0 | I98: =SUM(J98,K98,L98) -> 0 | M98: =SUM(N98,O98,P98) -> 0
B99: Драйверни и системни софтуерни пакети | D99: 48960000-5
B100: Изберете от тук (падащо меню) | C100: Изберете от тук | E100: =SUM(F100,G100,H100) -> 0 | I100: =SUM(J100,K100,L100) -> 0 | M100: =SUM(N100,O100,P100) -> 0
B101: Софтуерни пакети за печатници | D101: 48970000-8
B102: Изберете от тук (падащо меню) | C102: Изберете от тук | E102: =SUM(F102,G102,H102) -> 0 | I102: =SUM(J102,K102,L102) -> 0 | M102: =SUM(N102,O102,P102) -> 0
...

Sheet Sheet2
D1: Изберете от тук (падащо меню)
A2: 30211000-1 | B2: Централен процесорен блок за обработка на информация | D2: =CONCATENATE(A2," ",B2) -> 30211000-1 Централен процесорен блок за обработка на информация | H2: Изберете от тук
A3: 30212000-8 | B3: Хардуер за миникомпютри | D3: =CONCATENATE(A3," ",B3) -> 30212000-8 Хардуер за миникомпютри | G3: Да | H3: 52-01
A4: 30213000-5 | B4: Персонални компютри | D4: =CONCATENATE(A4," ",B4) -> 30213000-5 Персонални компютри | G4: Не | H4: 53-01
A5: 30214000-2 | B5: Компютърни работни станции | D5: =CONCATENATE(A5," ",B5) -> 30214000-2 Компютърни работни станции | F5: =LEFT(D5,10) -> 30214000-2 | H5: 10-00
A6: 30215000-9 | B6: Хардуер за микрокомпютри | D6: =CONCATENATE(A6," ",B6) -> 30215000-9 Хардуер за микрокомпютри | F6: =LEFT(D6,10) -> 30215000-9
A7: 30216000-6 | B7: Магнитни или оптични четящи устройства | D7: =CONCATENATE(A7," ",B7) -> 30216000-6 Магнитни или оптични четящи устройства | G7: покупка
D9: Изберете от тук (падащо меню)
A10: 30221000-4 | B10: Цифрови кадастрални планове | D10: =CONCATENATE(A10," ",B10) -> 30221000-4 Цифрови кадастрални планове | G10: наем
A11: 30221000-4 | B11: Цифрови кадастрални планове | D11: =CONCATENATE(A11," ",B11) -> 30221000-4 Цифрови кадастрални планове
D13: Изберете от тук (падащо меню)
A14: 30231000-7 | B14: Компютърни екрани и конзоли | D14: =CONCATENATE(A14," ",B14) -> 30231000-7 Компютърни екрани и конзоли
A15: 30232000-4 | B15: Периферни устройства | D15: =CONCATENATE(A15," ",B15) -> 30232000-4 Периферни устройства
A16: 30233000-1 | B16: Записващи и четящи устройства | D16: =CONCATENATE(A16," ",B16) -> 30233000-1 Записващи и четящи устройства
A17: 30234000-8 | B17: Носители за съхраняване на информация | D17: =CONCATENATE(A17," ",B17) -> 30234000-8 Носители за съхраняване на информация
A18: 30236000-2 | B18: Различни видове компютърен хардуер | D18: =CONCATENATE(A18," ",B18) -> 30236000-2 Различни видове компютърен хардуер
A19: 30237000-9 | B19: Части, аксесоари и принадлежности за компютри | D19: =CONCATENATE(A19," ",B19) -> 30237000-9 Части, аксесоари и принадлежности за компютри
A20: 30238000-6 | B20: Оборудване за автоматизиране на работа на библиотека | D20: =CONCATENATE(A20," ",B20) -> 30238000-6 Оборудване за автоматизиране на работа на библиотека
A22: 48000000-8 | B22: Софтуерни пакети и информационни системи | D22: =CONCATENATE(A22," ",B22) -> 48000000-8 Софтуерни пакети и информационни системи
A23: 48100000-9 | B23: Софтуерни пакети за индустрията | D23: =CONCATENATE(A23," ",B23) -> 48100000-9 Софтуерни пакети за индустрията
A24: 48110000-2 | B24: Софтуерни пакети за търговски обекти (POS) | D24: =CONCATENATE(A24," ",B24) -> 48110000-2 Софтуерни пакети за търговски обекти (POS)
A25: 48120000-5 | B25: Софтуерни пакети за управление на полети | D25: =CONCATENATE(A25," ",B25) -> 48120000-5 Софтуерни пакети за управление на полети
D26: Изберете от тук (падащо меню)
A27: 48121000-2 | B27: Софтуерни пакети за контрол на въздушния трафик | D27: =CONCATENATE(A27," ",B27) -> 48121000-2 Софтуерни пакети за контрол на въздушния трафик
A28: 48130000-8 | B28: Софтуерни пакети за наземна поддръжка и с тестове за авиацията | D28: =CONCATENATE(A28," ",B28) -> 48130000-8 Софтуерни пакети за наземна поддръжка и с тестове за авиацията
D30: Изберете от тук (падащо меню)
A31: 48131000-5 | B31: Софтуерни пакети за наземна поддръжка за авиацията | D31: =CONCATENATE(A31," ",B31) -> 48131000-5 Софтуерни пакети за наземна поддръжка за авиацията
A32: 48132000-2 | B32: Софтуерни пакети с тестове за авиацията | D32: =CONCATENATE(A32," ",B32) -> 48132000-2 Софтуерни пакети с тестове за авиацията
A33: 48140000-1 | B33: Софтуерни пакети за контрол на железопътния трафик | D33: =CONCATENATE(A33," ",B33) -> 48140000-1 Софтуерни пакети за контрол на железопътния трафик
A34: 48150000-4 | B34: Софтуерни пакети за управление на технологични процеси | D34: =CONCATENATE(A34," ",B34) -> 48150000-4 Софтуерни пакети за управление на технологични процеси
D36: Изберете от тук (падащо меню)
A37: 48151000-1 | B37: Система за компютърен контрол | D37: =CONCATENATE(A37," ",B37) -> 48151000-1 Система за компютърен контрол
A38: 48160000-7 | B38: Софтуерни пакети за библиотеки | D38: =CONCATENATE(A38," ",B38) -> 48160000-7 Софтуерни пакети за библиотеки
D40: Изберете от тук (падащо меню)
A41: 48161000-4 | B41: Система за управление на библиотеки | D41: =CONCATENATE(A41," ",B41) -> 48161000-4 Система за управление на библиотеки
A42: 48170000-0 | B42: Софтуерни пакети за съответствие | D42: =CONCATENATE(A42," ",B42) -> 48170000-0 Софтуерни пакети за съответствие
A43: 48180000-3 | B43: Медицински софтуерни пакети | D43: =CONCATENATE(A43," ",B43) -> 48180000-3 Медицински софтуерни пакети
A44: 48190000-6 | B44: Образователни софтуерни пакети | D44: =CONCATENATE(A44," ",B44) -> 48190000-6 Образователни софтуерни пакети
A45: 48200000-0 | B45: Софтуерни пакети за работа в мрежи интернет и интранет | D45: =CONCATENATE(A45," ",B45) -> 48200000-0 Софтуерни пакети за работа в мрежи интернет и интранет
A46: 48210000-3 | B46: Софтуерни пакети за работа в мрежа | D46: =CONCATENATE(A46," ",B46) -> 48210000-3 Софтуерни пакети за работа в мрежа
D48: Изберете от тук (падащо меню)
A49: 48211000-0 | B49: Софтуерни пакети за свързване на платформи | D49: =CONCATENATE(A49," ",B49) -> 48211000-0 Софтуерни пакети за свързване на платформи
A50: 48212000-7 | B50: Сървърни програми за многодисково оптично устройство с автоматична смяна на дисковете | D50: =CONCATENATE(A50," ",B50) -> 48212000-7 Сървърни програми за многодисково оптично устройство с автоматична смяна на дисковете
A51: 48213000-4 | B51: Софтуерни пакети за повишаване на капацитета на операционната система | D51: =CONCATENATE(A51," ",B51) -> 48213000-4 Софтуерни пакети за повишаване на капацитета на операционната система
A52: 48214000-1 | B52: Софтуерни пакети за мрежова операционна система | D52: =CONCATENATE(A52," ",B52) -> 48214000-1 Софтуерни пакети за мрежова операционна система
A53: 48215000-8 | B53: Софтуерни пакети за мрежови програмисти | D53: =CONCATENATE(A53," ",B53) -> 48215000-8 Софтуерни пакети за мрежови програмисти
A54: 48216000-5 | B54: Софтуерни пакети за емулация на терминали за свързване в мрежа | D54: =CONCATENATE(A54," ",B54) -> 48216000-5 Софтуерни пакети за емулация на терминали за свързване в мрежа
A55: 48217000-2 | B55: Софтуерни пакети за обработка на транзакции | D55: =CONCATENATE(A55," ",B55) -> 48217000-2 Софтуерни пакети за обработка на транзакции
A56: 48218000-9 | B56: Софтуерни пакети за управление на лицензи | D56: =CONCATENATE(A56," ",B56) -> 48218000-9 Софтуерни пакети за управление на лицензи
A57: 48219000-6 | B57: Други видове софтуерни пакети за мрежи | D57: =CONCATENATE(A57," ",B57) -> 48219000-6 Други видове софтуерни пакети за мрежи
A58: 48220000-6 | B58: Софтуерни пакети за интернет и интранет | D58: =CONCATENATE(A58," ",B58) -> 48220000-6 Софтуерни пакети за интернет и интранет
D60: Изберете от тук (падащо меню)
A61: 48221000-3 | B61: Софтуерни пакети за интернет навигация | D61: =CONCATENATE(A61," ",B61) -> 48221000-3 Софтуерни пакети за интернет навигация
A62: 48222000-0 | B62: Софтуерни пакети за мрежови сървъри | D62: =CONCATENATE(A62," ",B62) -> 48222000-0 Софтуерни пакети за мрежови сървъри
A63: 48223000-7 | B63: Софтуерни пакети за електронна поща | D63: =CONCATENATE(A63," ",B63) -> 48223000-7 Софтуерни пакети за електронна поща
A64: 48224000-4 | B64: Софтуерни пакети за редактиране на уeбcтраници | D64: =CONCATENATE(A64," ",B64) -> 48224000-4 Софтуерни пакети за редактиране на уeбcтраници
A65: 48300000-1 | B65: Софтуерни пакети за създаване на документи, чертане, обработка на изображения, планиране и | D65: =CONCATENATE(A65," ",B65) -> 48300000-1 Софтуерни пакети за създаване на документи, чертане, обработка на изображения, планиране и
A66: 48310000-4 | B66: Софтуерни пакети за създаване на документи | D66: =CONCATENATE(A66," ",B66) -> 48310000-4 Софтуерни пакети за създаване на документи
D68: Изберете от тук (падащо меню)
A69: 48311000-1 | B69: Софтуерни пакети за управление на документи | D69: =CONCATENATE(A69," ",B69) -> 48311000-1 Софтуерни пакети за управление на документи
A70: 48312000-8 | B70: Софтуерни пакети за електронни публикации | D70: =CONCATENATE(A70," ",B70) -> 48312000-8 Софтуерни пакети за електронни публикации
A71: 48313000-5 | B71: Софтуерни пакети за оптично разпознаване на символи (OCR) | D71: =CONCATENATE(A71," ",B71) -> 48313000-5 Софтуерни пакети за оптично разпознаване на символи (OCR)
A72: 48314000-2 | B72: Софтуерни пакети за гласово разпознаване | D72: =CONCATENATE(A72," ",B72) -> 48314000-2 Софтуерни пакети за гласово разпознаване
A73: 48315000-9 | B73: Софтуерни пакети за настолна издателска дейност | D73: =CONCATENATE(A73," ",B73) -> 48315000-9 Софтуерни пакети за настолна издателска дейност
A74: 48316000-6 | B74: Софтуерни пакети за презентации | D74: =CONCATENATE(A74," ",B74) -> 48316000-6 Софтуерни пакети за презентации
A75: 48317000-3 | B75: Софтуерни пакети за текстообработка | D75: =CONCATENATE(A75," ",B75) -> 48317000-3 Софтуерни пакети за текстообработка
A76: 48318000-0 | B76: Софтуерни пакети за скенери | D76: =CONCATENATE(A76," ",B76) -> 48318000-0 Софтуерни пакети за скенери
A77: 48319000-7 | B77: Програми за проверка на правопис | D77: =CONCATENATE(A77," ",B77) -> 48319000-7 Програми за проверка на правопис
A78: 48320000-7 | B78: Софтуерни пакети за чертане и обработка на изображения | D78: =CONCATENATE(A78," ",B78) -> 48320000-7 Софтуерни пакети за чертане и обработка на изображения
D80: Изберете от тук (падащо меню)
A81: 48321000-4 | B81: Софтуерни пакети за автоматизирано проектиране с компютър (CAD) | D81: =CONCATENATE(A81," ",B81) -> 48321000-4 Софтуерни пакети за автоматизирано проектиране с компютър (CAD)
A82: 48322000-1 | B82: Софтуерни пакети за графични приложения | D82: =CONCATENATE(A82," ",B82) -> 48322000-1 Софтуерни пакети за графични приложения
A83: 48323000-8 | B83: Софтуерни пакети за автоматизирано производство (CAM) | D83: =CONCATENATE(A83," ",B83) -> 48323000-8 Софтуерни пакети за автоматизирано производство (CAM)
A84: 48324000-5 | B84: Софтуерни пакети за създаване на диаграми | D84: =CONCATENATE(A84," ",B84) -> 48324000-5 Софтуерни пакети за създаване на диаграми
A85: 48325000-2 | B85: Софтуерни пакети за създаване на формуляри | D85: =CONCATENATE(A85," ",B85) -> 48325000-2 Софтуерни пакети за създаване на формуляри
A86: 48326000-9 | B86: Софтуерни пакети за картография | D86: =CONCATENATE(A86," ",B86) -> 48326000-9 Софтуерни пакети за картография
A87: 48327000-6 | B87: Софтуерни пакети за чертане и рисуване | D87: =CONCATENATE(A87," ",B87) -> 48327000-6 Софтуерни пакети за чертане и рисуване
A88: 48328000-3 | B88: Софтуерни пакети за обработка на изображения | D88: =CONCATENATE(A88," ",B88) -> 48328000-3 Софтуерни пакети за обработка на изображения
A89: 48329000-0 | B89: Система за обработване на изображения и за архивиране | D89: =CONCATENATE(A89," ",B89) -> 48329000-0 Система за обработване на изображения и за архивиране
A90: 48330000-0 | B90: Софтуерни пакети за планиране и повишаване на ефективността | D90: =CONCATENATE(A90," ",B90) -> 48330000-0 Софтуерни пакети за планиране и повишаване на ефективността
D92: Изберете от тук (падащо меню)
A93: 48331000-7 | B93: Софтуерни пакети за управление на проекти | D93: =CONCATENATE(A93," ",B93) -> 48331000-7 Софтуерни пакети за управление на проекти
A94: 48332000-4 | B94: Софтуерни пакети за планиране | D94: =CONCATENATE(A94," ",B94) -> 48332000-4 Софтуерни пакети за планиране
A95: 48333000-1 | B95: Софтуерни пакети за управление на кореспонденция | D95: =CONCATENATE(A95," ",B95) -> 48333000-1 Софтуерни пакети за управление на кореспонденция
A96: 48400000-2 | B96: Софтуерни пакети за търговски и персонални транзакции | D96: =CONCATENATE(A96," ",B96) -> 48400000-2 Софтуерни пакети за търговски и персонални транзакции
A97: 48410000-5 | B97: Софтуерни пакети за управление на инвестициите и изготвяне на данъчни декларации | D97: =CONCATENATE(A97," ",B97) -> 48410000-5 Софтуерни пакети за управление на инвестициите и изготвяне на данъчни декларации
D99: Изберете от тук (падащо меню)
A100: 48411000-2 | B100: Софтуерни пакети за управление на инвестициите | D100: =CONCATENATE(A100," ",B100) -> 48411000-2 Софтуерни пакети за управление на инвестициите
A101: 48412000-9 | B101: Софтуерни пакети за изготвяне на данъчни декларации | D101: =CONCATENATE(A101," ",B101) -> 48412000-9 Софтуерни пакети за изготвяне на данъчни декларации
A102: 48420000-8 | B102: Софтуерни пакети за управление на съоръжения и комплекти от софтуерни пакети | D102: =CONCATENATE(A102," ",B102) -> 48420000-8 Софтуерни пакети за управление на съоръжения и комплекти от софтуерни пакети
D104: Изберете от тук (падащо меню)
A105: 48421000-5 | B105: Софтуерни пакети за управление на съоръжения | D105: =CONCATENATE(A105," ",B105) -> 48421000-5 Софтуерни пакети за управление на съоръжения
A106: 48422000-2 | B106: Комплекти от софтуерни пакети | D106: =CONCATENATE(A106," ",B106) -> 48422000-2 Комплекти от софтуерни пакети
A107: 48430000-1 | B107: Софтуерни пакети за управление на инвентар | D107: =CONCATENATE(A107," ",B107) -> 48430000-1 Софтуерни пакети за управление на инвентар
A108: 48440000-4 | B108: Софтуерни пакети за финансови анализи и счетоводство | D108: =CONCATENATE(A108," ",B108) -> 48440000-4 Софтуерни пакети за финансови анализи и счетоводство
D110: Изберете от тук (падащо меню)
A111: 48441000-1 | B111: Софтуерни пакети за финансови анализи | D111: =CONCATENATE(A111," ",B111) -> 48441000-1 Софтуерни пакети за финансови анализи
A112: 48442000-8 | B112: Софтуерни пакети за финансови системи | D112: =CONCATENATE(A112," ",B112) -> 48442000-8 Софтуерни пакети за финансови системи
A113: 48443000-5 | B113: Софтуерни пакети за счетоводство | D113: =CONCATENATE(A113," ",B113) -> 48443000-5 Софтуерни пакети за счетоводство
A114: 48444000-2 | B114: Счетоводна система | D114: =CONCATENATE(A114," ",B114) -> 48444000-2 Счетоводна система
...

Sheet Sheet3
A2: Националната стратегия за е-управление | B2: Да | D2: Разходите са предвидени за включване към Бюджетна прогноза | L2: 2018
A3: Секторната стратегия за е-управление | B3: Не | D3: Бюджетен ред/код, съгласно МФ: | E3: Общо | F3: дейности, финансирани от ЦБ | G3: дейности, финансирани по ЕСИФ | H3: дейности, финансирани от др. източници | I3: контролна отметка ДАЕУ | K3: Извършен текущ контрол | L3: Извършен последващ контрол
A4: Стратегическия план за развитие на организацията индивидуална пътна карта | B4: Не
A5: Проекта включва изискване за сертификация на изпълнителите
A6: Проекта включва изискване системите и решенията да отговарят на утвърдени международни стандарти | E6: =SUM(O11:O140) -> 60030
A8: Разходите са планирани по проект № : ( № ) наименование : (наименование) | B8: финансови параметри на проектните разходи, съгласно подадения проект
B9: Компоненти включени в проекта | C9: Вид на разхода (наем или покупка) | D9: Единична цена без ДДС /лева/ | E9: Количество | F9: Обща цена без ДДС /лева/ | G9: Общ размер на ДДС /лева/ | H9: Обща цена с ДДС /лева/ | I9: Разходите по проекта включват такива за гаранционна и следгаранционна поддръжка | K9: Единична цена без ДДС /лева/ | L9: Количество | M9: Обща цена без ДДС /лева/ | N9: Общ размер на ДДС /лева/ | O9: Обща цена с ДДС /лева/ | P9: Разходите по проекта включват такива за гаранционна и следгаранционна поддръжка
I10: да/не/непр. | J10: Цена за гаранционна и следгаранционна поддръжка | P10: да/не/непр. | Q10: Цена за гаранционна и следгаранционна поддръжка
A11: I. ПРИДОБИВАНЕ НА КОМПЮТРИ И ХАРДУЕР | F11: =IF(E11="","",D11*E11) | G11: =IF(F11="","",F11*20%) | H11: =IF(G11="","",F11+G11)
A12: =IF(Sheet1!B10="","",Sheet1!B10) -> Компютърни и офис машини, оборудване и принадлежности, с изключение на мебели и софтуерни пакети | F12: =IF(E12="","",D12*E12) | G12: =IF(F12="","",F12*20%) | H12: =IF(G12="","",F12+G12)
A13: =IF(Sheet1!B11="","",Sheet1!B11) -> Машини за обработване на данни | F13: =IF(E13="","",D13*E13) | G13: =IF(F13="","",F13*20%) | H13: =IF(G13="","",F13+G13)
A14: =IF(Sheet1!B12="","",Sheet1!B12) -> Изберете от тук (падащо меню) | B14: да | C14: покупка | D14: 9999 | E14: 5 | F14: =IF(E14="","",D14*E14) -> 49995 | G14: =IF(F14="","",F14*20%) -> 9999 | H14: =IF(G14="","",F14+G14) -> 59994 | I14: da | J14: 3455 | K14: =IF(D14="","",D14) -> 9999 | L14: =IF(E14="","",E14) -> 5 | M14: =IF(L14="","",K14*L14) -> 49995 | N14: =IF(M14="","",M14*20%) -> 9999 | O14: =IF(N14="","",M14+N14) -> 59994 | P14: =IF(I14="","",I14) -> da | Q14: =IF(J14="","",J14) -> 3455
A15: =IF(Sheet1!B13="","",Sheet1!B13) -> Оборудване на цифрова картография | F15: =IF(E15="","",D15*E15) | G15: =IF(F15="","",F15*20%) | H15: =IF(G15="","",F15+G15) | K15: =IF(D15="","",D15) | L15: =IF(E15="","",E15) | M15: =IF(L15="","",K15*L15) | N15: =IF(M15="","",M15*20%) | O15: =IF(N15="","",M15+N15) | P15: =IF(I15="","",I15) | Q15: =IF(J15="","",J15)
A16: =IF(Sheet1!B14="","",Sheet1!B14) -> Изберете от тук (падащо меню) | F16: =IF(E16="","",D16*E16) | G16: =IF(F16="","",F16*20%) | H16: =IF(G16="","",F16+G16) | K16: =IF(D16="","",D16) | L16: =IF(E16="","",E16) | M16: =IF(L16="","",K16*L16) | N16: =IF(M16="","",M16*20%) | O16: =IF(N16="","",M16+N16) | P16: =IF(I16="","",I16) | Q16: =IF(J16="","",J16)
A17: =IF(Sheet1!B15="","",Sheet1!B15) -> Компютърно оборудване | F17: =IF(E17="","",D17*E17) | G17: =IF(F17="","",F17*20%) | H17: =IF(G17="","",F17+G17) | K17: =IF(D17="","",D17) | L17: =IF(E17="","",E17) | M17: =IF(L17="","",K17*L17) | N17: =IF(M17="","",M17*20%) | O17: =IF(N17="","",M17+N17) | P17: =IF(I17="","",I17) | Q17: =IF(J17="","",J17)
A18: =IF(Sheet1!B16="","",Sheet1!B16) -> Изберете от тук (падащо меню) | F18: =IF(E18="","",D18*E18) | G18: =IF(F18="","",F18*20%) | H18: =IF(G18="","",F18+G18) | K18: =IF(D18="","",D18) | L18: =IF(E18="","",E18) | M18: =IF(L18="","",K18*L18) | N18: =IF(M18="","",M18*20%) | O18: =IF(N18="","",M18+N18) | P18: =IF(I18="","",I18) | Q18: =IF(J18="","",J18)
A19: =IF(Sheet1!B17="","",Sheet1!B17) -> II. ПРИДОБИВАНЕ НА ПРОГРАМНИ ПРОДУКТИ И ЛИЦЕНЗИ ЗА ПРОГРАМНИ ПРОДУКТИ | F19: =IF(E19="","",D19*E19) | G19: =IF(F19="","",F19*20%) | H19: =IF(G19="","",F19+G19) | K19: =IF(D19="","",D19) | L19: =IF(E19="","",E19) | M19: =IF(L19="","",K19*L19) | N19: =IF(M19="","",M19*20%) | O19: =IF(N19="","",M19+N19) | P19: =IF(I19="","",I19) | Q19: =IF(J19="","",J19)
A20: =IF(Sheet1!B18="","",Sheet1!B18) -> Софтуерни пакети и информационни системи | F20: =IF(E20="","",D20*E20) | G20: =IF(F20="","",F20*20%) | H20: =IF(G20="","",F20+G20) | K20: =IF(D20="","",D20) | L20: =IF(E20="","",E20) | M20: =IF(L20="","",K20*L20) | N20: =IF(M20="","",M20*20%) | O20: =IF(N20="","",M20+N20) | P20: =IF(I20="","",I20) | Q20: =IF(J20="","",J20)
A21: =IF(Sheet1!B19="","",Sheet1!B19) -> Софтуерни пакети за индустрията: | B21: da | C21: наем | D21: 30 | E21: 1 | F21: =IF(E21="","",D21*E21) -> 30 | G21: =IF(F21="","",F21*20%) -> 6 | H21: =IF(G21="","",F21+G21) -> 36 | I21: da | J21: 50 | K21: =IF(D21="","",D21) -> 30 | L21: =IF(E21="","",E21) -> 1 | M21: =IF(L21="","",K21*L21) -> 30 | N21: =IF(M21="","",M21*20%) -> 6 | O21: =IF(N21="","",M21+N21) -> 36 | P21: =IF(I21="","",I21) -> da | Q21: =IF(J21="","",J21) -> 50
A22: =IF(Sheet1!B20="","",Sheet1!B20) -> Софтуерни пакети за търговски обекти (POS) | F22: =IF(E22="","",D22*E22) | G22: =IF(F22="","",F22*20%) | H22: =IF(G22="","",F22+G22) | K22: =IF(D22="","",D22) | L22: =IF(E22="","",E22) | M22: =IF(L22="","",K22*L22) | N22: =IF(M22="","",M22*20%) | O22: =IF(N22="","",M22+N22) | P22: =IF(I22="","",I22) | Q22: =IF(J22="","",J22)
A23: =IF(Sheet1!B21="","",Sheet1!B21) -> Софтуерни пакети за управление на полети | F23: =IF(E23="","",D23*E23) | G23: =IF(F23="","",F23*20%) | H23: =IF(G23="","",F23+G23) | K23: =IF(D23="","",D23) | L23: =IF(E23="","",E23) | M23: =IF(L23="","",K23*L23) | N23: =IF(M23="","",M23*20%) | O23: =IF(N23="","",M23+N23) | P23: =IF(I23="","",I23) | Q23: =IF(J23="","",J23)
A24: =IF(Sheet1!B22="","",Sheet1!B22) -> Изберете от тук (падащо меню) | F24: =IF(E24="","",D24*E24) | G24: =IF(F24="","",F24*20%) | H24: =IF(G24="","",F24+G24) | K24: =IF(D24="","",D24) | L24: =IF(E24="","",E24) | M24: =IF(L24="","",K24*L24) | N24: =IF(M24="","",M24*20%) | O24: =IF(N24="","",M24+N24) | P24: =IF(I24="","",I24) | Q24: =IF(J24="","",J24)
A25: =IF(Sheet1!B23="","",Sheet1!B23) -> Софтуерни пакети за наземна поддръжка и с тестове за авиацията | F25: =IF(E25="","",D25*E25) | G25: =IF(F25="","",F25*20%) | H25: =IF(G25="","",F25+G25) | K25: =IF(D25="","",D25) | L25: =IF(E25="","",E25) | M25: =IF(L25="","",K25*L25) | N25: =IF(M25="","",M25*20%) | O25: =IF(N25="","",M25+N25) | P25: =IF(I25="","",I25) | Q25: =IF(J25="","",J25)
A26: =IF(Sheet1!B24="","",Sheet1!B24) -> Изберете от тук (падащо меню) | F26: =IF(E26="","",D26*E26) | G26: =IF(F26="","",F26*20%) | H26: =IF(G26="","",F26+G26) | K26: =IF(D26="","",D26) | L26: =IF(E26="","",E26) | M26: =IF(L26="","",K26*L26) | N26: =IF(M26="","",M26*20%) | O26: =IF(N26="","",M26+N26) | P26: =IF(I26="","",I26) | Q26: =IF(J26="","",J26)
A27: =IF(Sheet1!B25="","",Sheet1!B25) -> Софтуерни пакети за контрол на железопътния трафик | F27: =IF(E27="","",D27*E27) | G27: =IF(F27="","",F27*20%) | H27: =IF(G27="","",F27+G27) | K27: =IF(D27="","",D27) | L27: =IF(E27="","",E27) | M27: =IF(L27="","",K27*L27) | N27: =IF(M27="","",M27*20%) | O27: =IF(N27="","",M27+N27) | P27: =IF(I27="","",I27) | Q27: =IF(J27="","",J27)
A28: =IF(Sheet1!B26="","",Sheet1!B26) -> Софтуерни пакети за управление на технологични процеси | F28: =IF(E28="","",D28*E28) | G28: =IF(F28="","",F28*20%) | H28: =IF(G28="","",F28+G28) | P28: =IF(I28="","",I28) | Q28: =IF(J28="","",J28)
A29: =IF(Sheet1!B27="","",Sheet1!B27) -> Изберете от тук (падащо меню) | F29: =IF(E29="","",D29*E29) | G29: =IF(F29="","",F29*20%) | H29: =IF(G29="","",F29+G29)
A30: =IF(Sheet1!B28="","",Sheet1!B28) -> Софтуерни пакети за библиотеки | F30: =IF(E30="","",D30*E30) | G30: =IF(F30="","",F30*20%) | H30: =IF(G30="","",F30+G30)
A31: =IF(Sheet1!B29="","",Sheet1!B29) -> Изберете от тук (падащо меню) | F31: =IF(E31="","",D31*E31) | G31: =IF(F31="","",F31*20%) | H31: =IF(G31="","",F31+G31)
A32: =IF(Sheet1!B30="","",Sheet1!B30) -> Софтуерни пакети за съответствие | F32: =IF(E32="","",D32*E32) | G32: =IF(F32="","",F32*20%) | H32: =IF(G32="","",F32+G32)
A33: =IF(Sheet1!B31="","",Sheet1!B31) -> Медицински софтуерни пакети | F33: =IF(E33="","",D33*E33) | G33: =IF(F33="","",F33*20%) | H33: =IF(G33="","",F33+G33)
A34: =IF(Sheet1!B32="","",Sheet1!B32) -> Образователни софтуерни пакети | F34: =IF(E34="","",D34*E34) | G34: =IF(F34="","",F34*20%) | H34: =IF(G34="","",F34+G34)
A35: =IF(Sheet1!B33="","",Sheet1!B33) -> Софтуерни пакети за работа в мрежи интернет и интранет: | F35: =IF(E35="","",D35*E35) | G35: =IF(F35="","",F35*20%) | H35: =IF(G35="","",F35+G35)
A36: =IF(Sheet1!B34="","",Sheet1!B34) -> Софтуерни пакети за работа в мрежа | F36: =IF(E36="","",D36*E36) | G36: =IF(F36="","",F36*20%) | H36: =IF(G36="","",F36+G36)
A37: =IF(Sheet1!B35="","",Sheet1!B35) -> Изберете от тук (падащо меню) | F37: =IF(E37="","",D37*E37) | G37: =IF(F37="","",F37*20%) | H37: =IF(G37="","",F37+G37)
A38: =IF(Sheet1!B36="","",Sheet1!B36) -> Софтуерни пакети за интернет и интранет | F38: =IF(E38="","",D38*E38) | G38: =IF(F38="","",F38*20%) | H38: =IF(G38="","",F38+G38)
A39: =IF(Sheet1!B37="","",Sheet1!B37) -> Изберете от тук (падащо меню) | F39: =IF(E39="","",D39*E39) | G39: =IF(F39="","",F39*20%) | H39: =IF(G39="","",F39+G39)
A40: =IF(Sheet1!B38="","",Sheet1!B38) -> Софтуерни пакети за създаване на документи, чертане, обработка на изображения, планиране и повишаване на ефективността: | F40: =IF(E40="","",D40*E40) | G40: =IF(F40="","",F40*20%) | H40: =IF(G40="","",F40+G40)
... A81: =IF(Sheet1!B79="","",Sheet1!B79) -> Софтуерни пакети за защита от вируси | F81: =IF(E81="","",D81*E81) | G81: =IF(F81="","",F81*20%) | H81: =IF(G81="","",F81+G81)
A82: =IF(Sheet1!#REF!="","",Sheet1!#REF!) -> #REF! | F82: =IF(E82="","",D82*E82) | G82: =IF(F82="","",F82*20%) | H82: =IF(G82="","",F82+G82)
A83: =IF(Sheet1!B80="","",Sheet1!B80) -> Обслужващи софтуерни пакети с общо предназначение, за компресиране на файлове и за отпечатване | F83: =IF(E83="","",D83*E83) | G83: =IF(F83="","",F83*20%) | H83: =IF(G83="","",F83+G83)
A84: =IF(Sheet1!B81="","",Sheet1!B81) -> Изберете от тук (падащо меню) | F84: =IF(E84="","",D84*E84) | G84: =IF(F84="","",F84*20%) | H84: =IF(G84="","",F84+G84)
A85: =IF(Sheet1!B82="","",Sheet1!B82) -> Софтуерни пакети за администриране на системи, управление на записа на данни и управление на съдържание | F85: =IF(E85="","",D85*E85) | G85: =IF(F85="","",F85*20%) | H85: =IF(G85="","",F85+G85)
A86: =IF(Sheet1!B83="","",Sheet1!B83) -> Изберете от тук (падащо меню) | F86: =IF(E86="","",D86*E86) | G86: =IF(F86="","",F86*20%) | H86: =IF(G86="","",F86+G86)
A87: =IF(Sheet1!B84="","",Sheet1!B84) -> Софтуерни пакети за проверка на версиите | F87: =IF(E87="","",D87*E87) | G87: =IF(F87="","",F87*20%) | H87: =IF(G87="","",F87+G87)
A88: =IF(Sheet1!B85="","",Sheet1!B85) -> Информационни системи и сървъри: | F88: =IF(E88="","",D88*E88) | G88: =IF(F88="","",F88*20%) | H88: =IF(G88="","",F88+G88)
A89: =IF(Sheet1!B86="","",Sheet1!B86) -> Информационни системи | F89: =IF(E89="","",D89*E89) | G89: =IF(F89="","",F89*20%) | H89: =IF(G89="","",F89+G89)
A90: =IF(Sheet1!B87="","",Sheet1!B87) -> Изберете от тук (падащо меню) | F90: =IF(E90="","",D90*E90) | G90: =IF(F90="","",F90*20%) | H90: =IF(G90="","",F90+G90)
A91: =IF(Sheet1!B88="","",Sheet1!B88) -> Сървъри | F91: =IF(E91="","",D91*E91) | G91: =IF(F91="","",F91*20%) | H91: =IF(G91="","",F91+G91)
A92: =IF(Sheet1!B89="","",Sheet1!B89) -> Изберете от тук (падащо меню) | F92: =IF(E92="","",D92*E92) | G92: =IF(F92="","",F92*20%) | H92: =IF(G92="","",F92+G92)
A93: =IF(Sheet1!B90="","",Sheet1!B90) -> Други софтуерни пакети и операционни системи: | F93: =IF(E93="","",D93*E93) | G93: =IF(F93="","",F93*20%) | H93: =IF(G93="","",F93+G93)
A94: =IF(Sheet1!#REF!="","",Sheet1!#REF!) -> #REF! | F94: =IF(E94="","",D94*E94) | G94: =IF(F94="","",F94*20%) | H94: =IF(G94="","",F94+G94)
A95: =IF(Sheet1!#REF!="","",Sheet1!#REF!) -> #REF! | F95: =IF(E95="","",D95*E95) | G95: =IF(F95="","",F95*20%) | H95: =IF(G95="","",F95+G95)
A96: =IF(Sheet1!B91="","",Sheet1!B91) -> Софтуерни пакети за автоматизация в офиса | F96: =IF(E96="","",D96*E96) | G96: =IF(F96="","",F96*20%) | H96: =IF(G96="","",F96+G96)
A97: =IF(Sheet1!B92="","",Sheet1!B92) -> Изберете от тук (падащо меню) | F97: =IF(E97="","",D97*E97) | G97: =IF(F97="","",F97*20%) | H97: =IF(G97="","",F97+G97)
A98: =IF(Sheet1!B93="","",Sheet1!B93) -> Софтуерни пакети за обучение и развлечение | F98: =IF(E98="","",D98*E98) | G98: =IF(F98="","",F98*20%) | H98: =IF(G98="","",F98+G98)
A99: =IF(Sheet1!B94="","",Sheet1!B94) -> Изберете от тук (падащо меню) | F99: =IF(E99="","",D99*E99) | G99: =IF(F99="","",F99*20%) | H99: =IF(G99="","",F99+G99)
A100: =IF(Sheet1!B95="","",Sheet1!B95) -> Софтуерни пакети за проектиране на шаблони и изготвяне на календари | F100: =IF(E100="","",D100*E100) | G100: =IF(F100="","",F100*20%) | H100: =IF(G100="","",F100+G100)
A101: =IF(Sheet1!B96="","",Sheet1!B96) -> Изберете от тук (падащо меню) | F101: =IF(E101="","",D101*E101) | G101: =IF(F101="","",F101*20%) | H101: =IF(G101="","",F101+G101)
A102: =IF(Sheet1!B97="","",Sheet1!B97) -> Системи за определяне местоположението на кораби и за съобщения по високоговорителни системи | F102: =IF(E102="","",D102*E102) | G102: =IF(F102="","",F102*20%) | H102: =IF(G102="","",F102+G102)
A103: =IF(Sheet1!B98="","",Sheet1!B98) -> Изберете от тук (падащо меню) | F103: =IF(E103="","",D103*E103) | G103: =IF(F103="","",F103*20%) | H103: =IF(G103="","",F103+G103)
A104: =IF(Sheet1!B99="","",Sheet1!B99) -> Драйверни и системни софтуерни пакети | F104: =IF(E104="","",D104*E104) | G104: =IF(F104="","",F104*20%) | H104: =IF(G104="","",F104+G104)
A105: =IF(Sheet1!B100="","",Sheet1!B100) -> Изберете от тук (падащо меню) | F105: =IF(E105="","",D105*E105) | G105: =IF(F105="","",F105*20%) | H105: =IF(G105="","",F105+G105)
A106: =IF(Sheet1!B101="","",Sheet1!B101) -> Софтуерни пакети за печатници | F106: =IF(E106="","",D106*E106) | G106: =IF(F106="","",F106*20%) | H106: =IF(G106="","",F106+G106)
A107: =IF(Sheet1!B102="","",Sheet1!B102) -> Изберете от тук (падащо меню) | F107: =IF(E107="","",D107*E107) | G107: =IF(F107="","",F107*20%) | H107: =IF(G107="","",F107+G107)
... A113: =IF(Sheet1!B108="","",Sheet1!B108) -> Консултантски услуги по хардуер | F113: =IF(E113="","",D113*E113) | G113: =IF(F113="","",F113*20%) | H113: =IF(G113="","",F113+G113)
A114: =IF(Sheet1!B115="","",Sheet1!B115) -> Системни и технически консултантски услуги | F114: =IF(E114="","",D114*E114) | G114: =IF(F114="","",F114*20%) | H114: =IF(G114="","",F114+G114)
A115: =IF(Sheet1!B114="","",Sheet1!B114) -> Програмиране и софтуерни консултантски услуги | F115: =IF(E115="","",D115*E115) | G115: =IF(F115="","",F115*20%) | H115: =IF(G115="","",F115+G115)
A116: =IF(Sheet1!B116="","",Sheet1!B116) -> Изберете от тук (падащо меню) | F116: =IF(E116="","",D116*E116) | G116: =IF(F116="","",F116*20%) | H116: =IF(G116="","",F116+G116)
A117: =IF(Sheet1!B125="","",Sheet1!B125) -> Услуги по предаване и обработка на данни | F117: =IF(E117="","",D117*E117) | G117: =IF(F117="","",F117*20%) | H117: =IF(G117="","",F117+G117)
A118: =IF(Sheet1!#REF!="","",Sheet1!#REF!) -> #REF! | F118: =IF(E118="","",D118*E118) | G118: =IF(F118="","",F118*20%) | H118: =IF(G118="","",F118+G118)
A119: =IF(Sheet1!#REF!="","",Sheet1!#REF!) -> #REF! | F119: =IF(E119="","",D119*E119) | G119: =IF(F119="","",F119*20%) | H119: =IF(G119="","",F119+G119)
A120: =IF(Sheet1!#REF!="","",Sheet1!#REF!) -> #REF! | F120: =IF(E120="","",D120*E120) | G120: =IF(F120="","",F120*20%) | H120: =IF(G120="","",F120+G120)
A121: =IF(Sheet1!#REF!="","",Sheet1!#REF!) -> #REF! | F121: =IF(E121="","",D121*E121) | G121: =IF(F121="","",F121*20%) | H121: =IF(G121="","",F121+G121)
A122: =IF(Sheet1!B138="","",Sheet1!B138) -> Изберете от тук (падащо меню) | F122: =IF(E122="","",D122*E122) | G122: =IF(F122="","",F122*20%) | H122: =IF(G122="","",F122+G122)
A123: =IF(Sheet1!B139="","",Sheet1!B139) -> Услуги, свързани с увеличаване на възможностите на компютри | F123: =IF(E123="","",D123*E123) | G123: =IF(F123="","",F123*20%) | H123: =IF(G123="","",F123+G123)
A124: =IF(Sheet1!B140="","",Sheet1!B140) -> Изберете от тук (падащо меню) | F124: =IF(E124="","",D124*E124) | G124: =IF(F124="","",F124*20%) | H124: =IF(G124="","",F124+G124)
A125: =IF(Sheet1!B141="","",Sheet1!B141) -> Професионални компютърни услуги | F125: =IF(E125="","",D125*E125) | G125: =IF(F125="","",F125*20%) | H125: =IF(G125="","",F125+G125)
A126: =IF(Sheet1!B142="","",Sheet1!B142) -> Изберете от тук (падащо меню) | F126: =IF(E126="","",D126*E126) | G126: =IF(F126="","",F126*20%) | H126: =IF(G126="","",F126+G126)
A127: =IF(Sheet1!B143="","",Sheet1!B143) -> Услуги по оказване на помощ и консултации в областта на компютърните системи | F127: =IF(E127="","",D127*E127) | G127: =IF(F127="","",F127*20%) | H127: =IF(G127="","",F127+G127)
A128: =IF(Sheet1!#REF!="","",Sheet1!#REF!) -> #REF! | F128: =IF(E128="","",D128*E128) | G128: =IF(F128="","",F128*20%) | H128: =IF(G128="","",F128+G128)
A129: =IF(Sheet1!B145="","",Sheet1!B145) -> Услуги по оказване на помощ в областта на компютърните системи | F129: =IF(E129="","",D129*E129) | G129: =IF(F129="","",F129*20%) | H129: =IF(G129="","",F129+G129)
A130: =IF(Sheet1!B146="","",Sheet1!B146) -> Изберете от тук (падащо меню) | F130: =IF(E130="","",D130*E130) | G130: =IF(F130="","",F130*20%) | H130: =IF(G130="","",F130+G130)
A131: =IF(Sheet1!B156="","",Sheet1!B156) -> III. ДРУГИ ДЕЙНОСТИ | F131: =IF(E131="","",D131*E131) | G131: =IF(F131="","",F131*20%) | H131: =IF(G131="","",F131+G131)
A132: =IF(Sheet1!B157="","",Sheet1!B157) -> Разходи за други дейности, свързани с електронното управление, които липсват в посочените групи | F132: =IF(E132="","",D132*E132) | G132: =IF(F132="","",F132*20%) | H132: =IF(G132="","",F132+G132)
A133: =IF(Sheet1!#REF!="","",Sheet1!#REF!) -> #REF! | F133: =IF(E133="","",D133*E133) | G133: =IF(F133="","",F133*20%) | H133: =IF(G133="","",F133+G133)
A134: =IF(Sheet1!B158="","",Sheet1!B158) -> Разходи за поддръжка на комуникацонните и информационните технологии и дейности | F134: =IF(E134="","",D134*E134) | G134: =IF(F134="","",F134*20%) | H134: =IF(G134="","",F134+G134)
A135: =IF(Sheet1!B160="","",Sheet1!B160) -> …………………….. | F135: =IF(E135="","",D135*E135) | G135: =IF(F135="","",F135*20%) | H135: =IF(G135="","",F135+G135)
A136: =IF(Sheet1!B161="","",Sheet1!B161) | F136: =IF(E136="","",D136*E136) | G136: =IF(F136="","",F136*20%) | H136: =IF(G136="","",F136+G136)
A137: =IF(Sheet1!B162="","",Sheet1!B162) | F137: =IF(E137="","",D137*E137) | G137: =IF(F137="","",F137*20%) | H137: =IF(G137="","",F137+G137)
A138: =IF(Sheet1!B163="","",Sheet1!B163) | F138: =IF(E138="","",D138*E138) | G138: =IF(F138="","",F138*20%) | H138: =IF(G138="","",F138+G138)
A139: =IF(Sheet1!B164="","",Sheet1!B164) | F139: =IF(E139="","",D139*E139) | G139: =IF(F139="","",F139*20%) | H139: =IF(G139="","",F139+G139)
A140: =IF(Sheet1!B165="","",Sheet1!B165) | F140: =IF(E140="","",D140*E140) | G140: =IF(F140="","",F140*20%) | H140: =IF(G140="","",F140+G140)
A141: =IF(Sheet1!B166="","",Sheet1!B166) | F141: =IF(E141="","",D141*E141) | G141: =IF(F141="","",F141*20%) | H141: =IF(G141="","",F141+G141)
A142: =IF(Sheet1!B167="","",Sheet1!B167) | F142: =IF(E142="","",D142*E142) | G142: =IF(F142="","",F142*20%) | H142: =IF(G142="","",F142+G142)
A143: =IF(Sheet1!B168="","",Sheet1!B168) | F143: =IF(E143="","",D143*E143) | G143: =IF(F143="","",F143*20%) | H143: =IF(G143="","",F143+G143)
A144: =IF(Sheet1!B169="","",Sheet1!B169) | F144: =IF(E144="","",D144*E144) | G144: =IF(F144="","",F144*20%) | H144: =IF(G144="","",F144+G144)
A145: =IF(Sheet1!B170="","",Sheet1!B170) | F145: =IF(E145="","",D145*E145) | G145: =IF(F145="","",F145*20%) | H145: =IF(G145="","",F145+G145)
A146: =IF(Sheet1!B171="","",Sheet1!B171) | F146: =IF(E146="","",D146*E146) | G146: =IF(F146="","",F146*20%) | H146: =IF(G146="","",F146+G146)
... A152: =IF(Sheet1!B177="","",Sheet1!B177) | F152: =IF(E152="","",D152*E152) | G152: =IF(F152="","",F152*20%) | H152: =IF(G152="","",F152+G152)
...
